 Dungeon Crawl Stone Soup version 0.18.1-50-g88ac8fd (webtiles) character file.

85 Krapule the Charmwright (level 4, -7/30 HPs)
             Began as a High Elf Skald on Oct 10, 2016.
             Mangled by an ogre
             ... wielding a +0 giant club
              (20 damage)
             ... on level 4 of the Dungeon.
             The game lasted 00:11:34 (2702 turns).

Krapule the Charmwright (High Elf Skald)            Turns: 2702, Time: 00:11:35

Health: -7/30      AC:  4    Str: 11    XL:     4   Next: 25%
Magic:  9/9        EV: 11    Int: 15    God:
Gold:   159        SH:  0    Dex: 16    Spells: 1 memorised, 8 levels left

rFire  . . .     SeeInvis .     a - +1 falchion
rCold  . . .     Gourm    .     b - +0 leather armour
rNeg   . . .     Faith    .     (no shield)
rPois  .         Spirit   .     (no helmet)
rElec  .         Dismiss  .     (no cloak)
rCorr  .         Reflect  .     (no gloves)
SustAt .         Harm     .     n - +0 pair of boots
MR     .....                    (no amulet)
Stlth  ++........               (no ring)
                                (no ring)

@: not resistant to hostile enchantments, unstealthy
A: no striking features
a: no special abilities


You were on level 4 of the Dungeon.
You were hungry.

You visited 1 branch of the dungeon, and saw 4 of its levels.

You collected 159 gold pieces.

Inventory:

Hand Weapons
 a - a +1 falchion (weapon)
Missiles
 g - 30 arrows
Armour
 b - a +0 leather armour (worn)
 m - a +0 shield
 n - a +0 pair of boots (worn)
Wands
 q - a wand of flame (26/48)
Scrolls
 f - 3 scrolls of enchant weapon
 h - a scroll of identify
 i - 2 scrolls of remove curse {unknown}
 j - 2 scrolls of recharging {unknown}
 k - a scroll of amnesia {unknown}
 p - 3 scrolls of enchant armour {unknown}
 t - a scroll of teleportation
 v - a scroll of fog {unknown}
Potions
 e - a potion of degeneration {unknown}
 l - 3 potions of agility
 r - a potion of heal wounds
 w - a potion of curing {unknown}
Books
 c - a book of Battle

   Spells                             Type                      Level
   a - Infusion                       Charms                       1
   b - Shroud of Golubria             Charms/Translocation         2
   c - Song of Slaying                Charms                       2
   d - Spectral Weapon                Hexes/Charms                 3
   e - Regeneration                   Charms/Necromancy            3
Comestibles
 d - 3 bread rations
 o - 3 fruits
 s - a meat ration


   Skills:
 + Level 2.7 Fighting
 - Level 3.0 Long Blades
 - Level 1.0 Armour
 + Level 1.4 Dodging
 + Level 1.2 Stealth
 + Level 0.8 Shields
 - Level 3.0 Spellcasting
 + Level 4.2 Charms


You had 8 spell levels left.
You knew the following spells:

 Your Spells              Type           Power        Failure   Level  Hunger
a - Infusion              Chrm           ##..         6%          1    #......


Dungeon Overview and Level Annotations

Branches:
Dungeon (4/15)
 Temple: D:4-7

Altars:
Zin


Message History

You hit the phantom.
The phantom is lightly damaged.
The phantom hits you!
* * * LOW HITPOINT WARNING * * *
The phantom blinks!
Your magical contamination has completely faded away.
Your magical infusion is running out.
An ogre comes into view. It is wielding a giant club.
You are no longer magically infusing your attacks.
The phantom blinks!
Found 17 gold pieces. 4 orcs and 2 orc wizards come into view.
The orc shouts! x3; The orc wizard shouts!
An orc and an orc wizard come into view.
The orc shouts!
The orc wizard shouts!
The orc shouts!
The orc wizard shouts!
You hit the orc.
The orc is heavily wounded.
The ogre hits you with a giant club!!
Ouch! That really hurt!
You die... #.o #o. # #oo

.# #.o ###
..# .o ..#
#.$ #o #.#...
#.####.#.##.#
#o@O........#
######.#.####
#.# #####.#
#.....#
#.#####
###########
#.#
.....W..W.#
#.#
#########.#
#.#


You could see an ogre, 3 orc wizards and 5 orcs.

Vanquished Creatures
  4 adders
  An ooze (D:2)
  A dart slug (D:1)
  3 giant geckos (D:2)
  An orc (D:3)
  A giant cockroach (D:3)
  2 goblins
  4 hobgoblins (D:2)
  3 jackals (D:1)
  A quokka (D:3)
  6 bats
  6 giant newts
  5 kobolds
  4 rats
42 creatures vanquished.

Notes
Turn   | Place    | Note
--------------------------------------------------------------
     0 | D:1      | Krapule the High Elf Skald began the quest for the Orb.
     0 | D:1      | Reached XP level 1. HP: 14/14 MP: 4/4
    77 | D:1      | Reached skill level 1 in Armour
   357 | D:1      | Reached XP level 2. HP: 19/19 MP: 6/6
  1067 | D:2      | Reached skill level 4 in Charms
  1216 | D:2      | Reached XP level 3. HP: 25/25 MP: 8/8
  1641 | D:2      | Found a glowing silver altar of Zin.
  2251 | D:3      | Reached skill level 1 in Stealth
  2251 | D:3      | Reached XP level 4. HP: 30/30 MP: 6/9
  2653 | D:4      | Noticed a phantom
  2681 | D:4      | Noticed an ogre
  2702 | D:4      | Mangled by an ogre

Skill      XL: |  1  2  3  4 |
---------------+-------------+-----
Armour         | 1 |  1.0
Charms         | 4 |  4.2
Long Blades    | 3 |  3.0
Stealth        | 1 |  1.2
Spellcasting   | 3 |  3.0
Fighting       | |  2.7
Dodging        | |  1.4
Shields        | |  0.8

Action                   |  1- 3 |  4- 6 || total
-------------------------+-------+-------++-------
Melee: Falchion          |   121 |    10 ||   131
 Cast: Infusion          |     5 |     2 ||     7
  Use: Scroll            |     3 |       ||     3
       Potion            |     2 |       ||     2
 Stab: Sleeping          |     5 |       ||     5
  Eat: Chunk             |     4 |     1 ||     5
Armor: Leather armour    |    21 |     3 ||    24
Dodge: Dodged            |    83 |     7 ||    90
